 Dungeon Crawl Stone Soup version 0.29-a0-911-g88e6f02907 (webtiles) character file.

Game seed: 18192128777445261978

25268 reriks the Skirmisher (level 12, -4/65 HPs)
             Began as a Spriggan Hunter on July 26, 2022.
             Was an Elder of the Shining One.
             Slain by a gargoyle
             ... wielding a +0 mace
              (8 damage)
             ... while petrified by a catoblepas
             ... in a Gauntlet.
             The game lasted 00:44:50 (27643 turns).

reriks the Skirmisher (Spriggan Hunter)            Turns: 27643, Time: 00:44:50

Health: -4/65      AC:  5    Str:  7    XL:     12   Next: 88%
Magic:  16/16      EV:  4    Int: 12    God:    the Shining One [****..]
Gold:   1433       SH:  0    Dex: 27    Spells: 11/11 levels left

rFire   + + .      SeeInvis +   h - +2 arbalest (flame)
rCold   + . .      Faith    .   (shield currently unavailable)
rNeg    + + +      Spirit   .   y - +2 robe {Will+}
rPois   ∞          Reflect  .   d - +1 hat of Love and Death {Dex+5 SInv Stlth+}
rElec   +          Harm     .   (no cloak)
rCorr   +          Rampage  .   (gloves unavailable)
Will    +++..      NoTele   +   (boots unavailable)
Stlth   ++........              (no amulet)
HPRegen 0.20/turn               C - ring of poison resistance
MPRegen 0.15/turn               w - ring "Pischaosk" {rF+ rCorr Slay+2}

@: resistant, petrified, hasted, glowing, very quick
A: very small, no large weapons, unfitting armour, see invisible, speed 3
a: Renounce Religion, Divine Shield, Cleansing Flame


You were in a Gauntlet.
You worshipped the Shining One.
The Shining One was greatly pleased with you.
You visited 4 branches of the dungeon, and saw 16 of its levels.
You also visited: Gauntlet.

You collected 1716 gold pieces.
You spent 283 gold pieces at shops.

Inventory:

Hand Weapons
 a - a +0 arbalest
 h - a +2 arbalest of flaming (weapon)
Missiles
 j - 2 throwing nets
 l - 33 poisoned darts
 m - 6 atropa-tipped darts
Armour
 d - the +1 hat of Love and Death (worn) {Dex+5 SInv Stlth+}
   (You acquired it on level 2 of the Dungeon)

   Dex:       It affects your dexterity (+5).
   SInv:      It lets you see invisible.
   Stlth:     It makes you more stealthy.
 y - a +2 robe of willpower (worn)
Jewellery
 n - a ring of resist corrosion
 v - a ring of magical power
 w - the ring "Pischaosk" (right hand) {rF+ rCorr Slay+2}
   (You found it on level 5 of the Dungeon)

   [ring of resist corrosion]

   Slay:      It affects your accuracy & damage with ranged weapons and melee
   (+2).
   rF:        It protects you from fire.
   rCorr:     It protects you from acid and corrosion.
 x - a +6 ring of intelligence
 B - a ring of wizardry
 C - a ring of poison resistance (left hand)
Wands
 r - a wand of paralysis (21)
 z - a wand of polymorph (4)
Scrolls
 b - 3 scrolls of immolation
 f - 9 scrolls of teleportation
 g - a scroll of magic mapping
 u - 4 scrolls of amnesia
 A - a scroll of silence
Potions
 e - a potion of flight
 i - 6 potions of lignification
 k - 3 potions of magic
 o - 2 potions of brilliance
 p - a potion of attraction {unknown}
 t - 3 potions of ambrosia
 D - a potion of mutation
 E - 2 potions of curing
 H - 3 potions of berserk rage


   Skills:
 + Level 8.5 Fighting
 * Level 14.2 Ranged Weapons
 + Level 5.4 Armour
 + Level 13.2 Dodging
 - Level 7.0 Stealth
 + Level 5.2 Invocations


You had 11 spell levels left.
You didn't know any spells.
Your spell library contained the following spells:

 Spells                   Type           Power      Damage    Failure   Level
 Apportation              Tloc           0%         N/A       32%         1
 Beastly Appendage        Tmut           0%         N/A       32%         1
 Necrotise                Necr           0%         1d4       32%         1
 Summon Small Mammal      Summ           0%         N/A       32%         1
 Wereblood                Tmut           0%         N/A       45%         2
 Spider Form              Tmut/Pois      0%         N/A       69%         3
 Vampiric Draining        Necr           0%         2d6       69%         3
 Animate Armour           Summ/Erth      0%         N/A       97%         4
 Animate Dead             Necr           0%         N/A       97%         4
 Leda's Liquefaction      Hex/Erth       0%         N/A       97%         4
 Summon Lightning Spire   Summ/Air       0%         N/A       97%         4
 Agony                    Necr           0%         N/A       100%        5
 Blade Hands              Tmut           0%         N/A       100%        5
 Fireball                 Conj/Fire      0%         3d3       100%        5
 Iskenderun's Battlesphe  Conj           0%         2d6       100%        5
 Lee's Rapid Deconstruct  Erth           0%         3d5*      100%        5
 Conjure Ball Lightning   Conj/Air       0%         3x3d6     100%        6
 Iron Shot                Conj/Erth      0%         9d1       100%        6
 Statue Form              Tmut/Erth      0%         N/A       100%        6
 Haunt                    Necr/Summ      0%         N/A       100%        7
 Orb of Destruction       Conj           0%         9d5       100%        7
 Storm Form               Tmut/Air       0%         N/A       100%        7
 Infestation              Necr           0%         N/A       100%        8
 Maxwell's Capacitive Co  Air            0%         ∞         100%        8


Dungeon Overview and Level Annotations

Branches:
Dungeon (11/15)            Temple (1/1) D:7            Lair (2/5) D:9
  Swamp (0/4) Lair:2        Snake (0/4) Lair:2          Orc (2/2) D:10
    Elf (0/3) Orc:2       Gauntlet (1/1)

Altars:
Ashenzari
Cheibriados
Dithmenos
Elyvilon
Fedhas
Gozag
Hepliaklqana
Kikubaaqudgha
Makhleb
Nemelex Xobeh
Okawaru
Qazlal
Ru
Sif Muna
Trog
Uskayaw
Vehumet
Wu Jian
Xom
Yredelemnul
Zin
The Shining One

Shops:
D:10 !   Orc:2 *?*

Annotations:
D:5 2 runed translucent doors Gauntlet 7 transporters, 1 runed translucent door


Innate Abilities, Weirdness & Mutations

You are very small and have problems with some larger weapons.
You are too small for most types of armour.
You have supernaturally acute eyesight. (SInv)
You cover ground extremely quickly. (Speed+++)


Message History

Okay, then.
Unknown command.
Okay, then.
Okay, then.
Unknown command.
Okay, then.
You feel better.
You are engulfed in calcifying dust.
You are slowing down.
Really quaff the potion of lignification?
Really become a tree while standing in a cloud of calcifying dust?
Okay, then.
Okay, then.
It was a potion of resistance.
You feel protected.
You are engulfed in calcifying dust.
The catoblepas completely misses you.
Your limbs are stiffening.
It was a potion of heal wounds.
You feel much better.
You are engulfed in calcifying dust.
The catoblepas gores you!
You have turned to stone.
The gargoyle hurls a stone arrow at you.
The stone arrow hits you!!
The catoblepas breathes a plume of calcifying dust at you.
The blast of calcifying dust hits you.
You are engulfed in calcifying dust.
The catoblepas breathes a plume of calcifying dust at you.
The blast of calcifying dust hits you.
The gargoyle hurls a stone arrow at you.
The stone arrow hits you!
You are engulfed in calcifying dust.
The catoblepas gores you!
You are engulfed in calcifying dust.
The catoblepas gores you!!
* * * LOW HITPOINT WARNING * * *
You are engulfed in calcifying dust.
The gargoyle hits you with a +0 mace!
* * * LOW HITPOINT WARNING * * *
The catoblepas completely misses you.
You are engulfed in calcifying dust.
The catoblepas breathes a plume of calcifying dust at you.
The blast of calcifying dust hits you! The Shining One protects you from harm!
The gargoyle hits you with a +0 mace!
You die...

⌠.⌠.©.©.⌠.⌠ ..........
## ### ######### ###
##≈###≈###.......###≈#
#≈≈≈#≈≈≈#..∩.⌠.∩..#≈≈≈
#≈...................
##.#########.########
##≈.#.##©![.#.#[$©#...
#≈≈.#@Y##.=##.#!###.#+
##≈.#.9.#.###.#.#...#.
##.#.##.##©###.#.###.
##≈.###.#..§#.#J#.#^.^
#≈≈.##..##..#.#.#.#.##
##≈.#....##.#.#...#^.©
##.#########.########
##≈....#©.........©#..
#≈≈..⌠.#.⌠.⌠.⌠.⌠.⌠.#.⌠


You could see a catoblepas and a gargoyle.

Vanquished Creatures
  A two-headed ogre (D:11)
  3 orc high priests (Orc:2)
  2 tengu warriors
  Sonja (D:11)
  6 orc knights (Orc:2)
  A deep elf pyromancer (D:8)
  3 orc sorcerers (Orc:2)
  A cyclops (Orc:2)
  Joseph (D:10)
  A black mamba (Lair:1)
  A molten gargoyle (Gauntlet)
  A gargoyle (Gauntlet)
  A cane toad (Lair:1)
  2 rime drakes (Lair:1)
  3 komodo dragons (Lair:1)
  2 trolls
  Prince Ribbit (D:8)
  Grinder (D:6)
  Sigmund (D:3)
  5 wyverns
  13 yaks
  2 basilisks
  2 steam dragons
  2 wargs (Orc:2)
  3 acid dragons
  9 water moccasins
  6 black bears
  4 ice beasts
  16 orc warriors
  2 wolves (D:9)
  6 ogres
  9 centaurs
  3 kobold brigands
  6 bullfrogs
  A gnoll sergeant (D:5)
  2 necrophages (D:7)
  3 scorpions
  22 wights
  19 killer bees
  5 jellies
  2 howler monkeys
  2 hounds
  15 orc priests
  4 gnoll boudas
  8 iguanas
  18 orc wizards
  A mummy (D:6)
  Robin (D:4)
  14 gnolls
  10 adders
  2 white imps
  An ufetubus (D:5)
  2 dart slugs
  47 orcs
  3 bats
  9 endoplasms
  5 giant cockroaches
  11 hobgoblins
  2 jackals (D:1)
  6 quokkas
  8 ball pythons
  A frilled lizard (D:1)
  19 goblins
  23 kobolds
  6 rats
393 creatures vanquished.

Vanquished Creatures (others)
  An orc wizard (Orc:2)
  An orc (Orc:2)
  4 fungi
  16 plants
  4 withered plants (Gauntlet)
26 creatures vanquished.

Grand Total: 419 creatures vanquished

Notes
Turn   | Place    | Note
-------+----------+-------------------------------------------
     0 | D:1      | reriks the Spriggan Hunter began the quest for the Orb.
     0 | D:1      | Reached XP level 1. HP: 10/10 MP: 2/2
    96 | D:1      | Found a faded altar of an unknown god.
   165 | D:1      | Reached XP level 2. HP: 15/15 MP: 3/3
  1361 | D:1      | Reached XP level 3. HP: 18/18 MP: 4/4
  2136 | D:3      | Reached XP level 4. HP: 23/23 MP: 5/5
  2213 | D:3      | Noticed Sigmund
  3395 | D:3      | Identified the +4 war axe of Slime {chaos, +Blink rN+
                  | Str+3}
  3805 | D:2      | Identified 3 scrolls of acquirement
  3805 | D:2      | Acquired a +1 arbalest of flaming
  3809 | D:2      | Acquired the +1 hat of Love and Death {Dex+5 SInv Stlth+}
  3848 | D:2      | Acquired 574 gold pieces
  4048 | D:3      | Reached XP level 5. HP: 27/27 MP: 6/6
  4423 | D:3      | Killed Sigmund
  4424 | D:3      | Reached skill level 5 in Ranged Weapons
  4424 | D:3      | Reached skill level 5 in Stealth
  4424 | D:3      | Reached XP level 6. HP: 32/32 MP: 7/7
  4500 | D:3      | Reached skill level 5 in Dodging
  4781 | D:4      | Noticed Robin
  4782 | D:4      | Killed Robin
  5630 | D:4      | Found a bloodstained altar of Trog.
  5645 | D:4      | Found a shimmering altar of Xom.
  6060 | D:5      | Entered Level 5 of the Dungeon
  6115 | D:5      | Found a large runed translucent door.
  6115 | D:5      | Found a large runed translucent door.
  6122 | D:5      | Noticed an orc warrior
  6130 | D:5      | Found a large runed translucent door.
  6130 | D:5      | Found a large runed translucent door.
  6159 | D:5      | Reached XP level 7. HP: 36/36 MP: 8/8
  6727 | D:5      | Reached skill level 6 in Ranged Weapons
  6898 | D:5      | Identified the ring "Pischaosk" {rF+ rCorr Slay+2}
  7526 | D:5      | Reached XP level 8. HP: 42/42 MP: 9/9
  7761 | D:5      | Reached skill level 7 in Ranged Weapons
  8656 | D:5      | Reached skill level 8 in Ranged Weapons
  9301 | D:6      | Noticed Grinder
  9312 | D:6      | Killed Grinder
  9355 | D:6      | Reached XP level 9. HP: 46/46 MP: 10/10
  9514 | D:6      | Reached skill level 5 in Fighting
  9804 | D:6      | Reached skill level 9 in Ranged Weapons
 10863 | D:6      | Found a snail-covered altar of Cheibriados.
 11164 | D:7      | Reached skill level 10 in Ranged Weapons
 12253 | D:7      | Reached XP level 10. HP: 53/53 MP: 11/11
 12336 | D:7      | Reached skill level 1 in Armour
 12599 | D:7      | Found a staircase to the Ecumenical Temple.
 12835 | Temple   | Entered the Ecumenical Temple
 12997 | Temple   | Became a worshipper of the Shining One
 13061 | D:7      | Found a shadowy altar of Dithmenos.
 13326 | D:8      | Found a blossoming altar of Fedhas.
 13331 | D:8      | Noticed a deep elf pyromancer
 13331 | D:8      | Noticed Prince Ribbit
 13344 | D:8      | Killed Prince Ribbit
 13345 | D:8      | Reached skill level 10 in Dodging
 13348 | D:8      | Killed a deep elf pyromancer
 13660 | D:8      | Reached skill level 11 in Ranged Weapons
 13717 | D:8      | Identified the +10 great sword of Triumph {speed, rN+
                  | Str+6}
 13872 | D:8      | Noticed a centaur warrior
 14269 | D:8      | Reached * piety under the Shining One
 16381 | D:9      | Found a staircase to the Lair.
 16415 | D:9      | You fall into a shaft and drop 2 floors!
 16429 | D:10     | Entered Level 10 of the Dungeon
 16533 | D:10     | Found Kytyesor's Distillery.
 16822 | D:10     | Reached XP level 11. HP: 58/58 MP: 12/12
 16822 | D:10     | Noticed Joseph
 16859 | D:9      | Identified the +4 ring mail of Unreason {-Cast Harm rF++}
 17194 | D:9      | Reached skill level 12 in Ranged Weapons
 17522 | D:9      | Found an opulent altar of Gozag.
 18126 | D:10     | Killed Joseph
 18127 | D:10     | Reached skill level 1 in Invocations
 18498 | D:10     | Found a staircase to the Orcish Mines.
 18745 | Orc:1    | Entered Level 1 of the Orcish Mines
 19083 | Orc:2    | Entered Level 2 of the Orcish Mines
 19231 | Orc:2    | Reached ** piety under the Shining One
 20077 | Orc:1    | Noticed an orc knight
 20461 | Orc:2    | Noticed an orc knight
 20495 | Orc:2    | Killed an orc knight
 21172 | Orc:2    | Noticed an orc knight
 21213 | Orc:2    | Killed an orc knight
 21449 | Orc:2    | Noticed an orc knight
 21492 | Orc:2    | Killed an orc knight
 22009 | Orc:2    | Noticed an orc high priest
 22021 | Orc:2    | Killed an orc high priest
 22022 | Orc:2    | Reached skill level 13 in Ranged Weapons
 22236 | Orc:2    | Noticed an orc knight
 22237 | Orc:2    | Noticed an orc high priest
 22237 | Orc:2    | Noticed an orc high priest
 22237 | Orc:2    | Reached *** piety under the Shining One
 22548 | Orc:2    | Found a staircase to the Elven Halls.
 22805 | Orc:2    | Noticed an orc sorcerer
 22820 | Orc:2    | Noticed an orc knight
 22836 | Orc:2    | Killed an orc knight
 22967 | Orc:2    | Noticed a soul eater
 22967 | Orc:2    | Killed an orc high priest
 22968 | Orc:2    | Reached XP level 12. HP: 64/64 MP: 15/15
 24505 | Orc:2    | Killed an orc high priest
 24662 | Orc:2    | Found Hyom Yca's General Store.
 24662 | Orc:2    | Found Cucubaed's Magic Scroll Shop.
 24664 | Orc:2    | Found Ducyfamo's General Store.
 24664 | Orc:2    | Found Ehoumet's Magic Scroll Shop.
 24675 | Orc:2    | Bought a scroll of identify for 28 gold pieces
 24675 | Orc:2    | Bought a scroll of identify for 28 gold pieces
 24675 | Orc:2    | Bought a scroll of identify for 28 gold pieces
 24675 | Orc:2    | Bought a scroll of teleportation for 42 gold pieces
 24675 | Orc:2    | Bought a scroll of teleportation for 42 gold pieces
 24683 | Orc:2    | Bought a scroll of blinking for 82 gold pieces
 24683 | Orc:2    | Bought a potion of flight for 33 gold pieces
 24829 | D:11     | Noticed Sonja
 24831 | D:11     | Killed Sonja
 24967 | D:11     | Noticed a two-headed ogre
 25005 | D:11     | Killed a two-headed ogre
 25128 | D:11     | Noticed a tengu warrior
 25158 | D:11     | Killed a tengu warrior
 25164 | D:11     | Noticed a tengu warrior
 25241 | D:10     | Killed a tengu warrior
 25242 | D:10     | Reached skill level 5 in Armour
 25350 | Lair:1   | Entered Level 1 of the Lair of Beasts
 26436 | Lair:1   | Reached skill level 14 in Ranged Weapons
 26854 | Lair:1   | Reached skill level 5 in Invocations
 27420 | Lair:2   | Found a gate leading to a gauntlet.
 27429 | Gauntlet | Entered a Gauntlet
 27429 | Gauntlet | Reached **** piety under the Shining One
 27429 | Gauntlet | Found a transporter.
 27429 | Gauntlet | Found a transporter.
 27451 | Gauntlet | Found a transporter.
 27452 | Gauntlet | Found a transporter.
 27459 | Gauntlet | Found a transporter.
 27463 | Gauntlet | Found a transporter.
 27470 | Gauntlet | Found a runed translucent door.
 27473 | Gauntlet | Found a transporter.
 27480 | Gauntlet | Noticed a quicksilver ooze
 27486 | Gauntlet | Noticed a catoblepas
 27487 | Gauntlet | Found a transporter.
 27501 | Gauntlet | Found a transporter.
 27505 | Gauntlet | Found a transporter.
 27513 | Gauntlet | Found a transporter.
 27517 | Gauntlet | Found a transporter.
 27642 | Gauntlet | HP: 3/65 [gargoyle/+0 mace (7)]
 27643 | Gauntlet | The Shining One protects you from harm!
 27643 | Gauntlet | Slain by a gargoyle

Illustrated notes

Levels and vault maps discovered:
D:1:      lightli_molten_gateway, layout_basic, shapermc_ecumenical_altar_gd,
          serial_bayou_pond_d
D:2:      wad_pebble_path, layout_rooms
D:3:      layout_basic, palyth_stone_intersect, minmay_checkerbox, uniq_sigmund
D:4:      layout_basic, mainiacjoe_overflow_swirl, uniq_robin
D:5:      layout_basic, minmay_hollow_rounded_squares
D:6:      layout_basic, chei_slow_surprise, uniq_grinder
D:7:      layout_rooms, marbit_many_paths, minmay_temple_entry_ruins
D:8:      minmay_the_grid_triangle_9x9_rhombus_thin
          [minmay_the_grid_triangle_9x9_negative_grid,
          minmay_the_grid_triangle_9x9_prize_top_heavy,
          minmay_the_grid_triangle_9x9_intruding_spiral,
          minmay_the_grid_triangle_9x9_zippers_vertical], layout_gridville,
          fedhas_ov_isle_minmay, minmay_pinched_square, uniq_prince_ribbit1
D:9:      layout_layer_cave, grunt_gozag_statues, minmay_lair_entry_grove
D:10:     layout_long_grid, serial_shops, shop, kennysheep_generic_room_2,
          uniq_joseph
D:11:     layout_small_grid, uniq_harold, uniq_sonja
Temple:   nicolae_temple_bog_church
Lair:1:   layout_roguey, beast_lair_carwin_2
Lair:2:   layout_regular_city, minmay_swamp_entry_reptiles, dummy_snake_entry,
          gauntlet_entry_generic
Orc:1:    layout_caves
Orc:2:    grunt_orc_tribal_feast, layout_diamond_mine
Gauntlet: minmay_gauntlet_77_indecision [minmay_gauntlet_arena_77_museum,
          minmay_gauntlet_arena_77_p_blocks,
          minmay_gauntlet_arena_77_terracotta_army,
          minmay_gauntlet_arena_77_broken_ladder, minmay_gauntlet_arena_77_fan,
          minmay_gauntlet_arena_77_path, nicolae_gauntlet_exit_dead_adventurers]

Skill      XL: |  1  2  3  4  5  6  7  8  9 10 11 12 |
---------------+-------------------------------------+-----
Stealth        | 2 3 4 5 6 7 |  7.0
Dodging        | 3 4 5 6 7 9 10 12 13 | 13.2
Fighting       | 2 3 4 6 7 8 |  8.5
Ranged Weapons | 5 6 8 10 11 13 14 | 14.2
Armour         | 3 4 5 |  5.4
Invocations    | 3 5 |  5.2

Action                   |  1- 3 |  4- 6 |  7- 9 | 10-12 || total
-------------------------+-------+-------+-------+-------++-------
 Fire: Shortbow          |    91 |    50 |       |       ||   141
       Arbalest          |       |    79 |   198 |   534 ||   811
  Use: Scroll            |       |     9 |     1 |    18 ||    28
       Potion            |       |       |       |     5 ||     5
Armor: Robe              |     3 |     4 |     1 |     3 ||    11
Dodge: Dodged            |    15 |    29 |    12 |   139 ||   195

Table legend: (Time is in decaauts)
 A = Elapsed time spent in this place.
 B = Non-inter-level travel time spent in this place.
 C = Inter-level travel time spent in this place.
 D = Time resting spent in this place.
 E = Time spent auto-exploring this place.
 F = Levels seen in this place.
 G = Mean time per level.
                   A        B        C        D        E       F      G
               +--------+--------+--------+--------+--------+-----+--------+
         Total |  23574 |  22867 |    707 |  15228 |   4738 |  17 | 1386.7 |
       Dungeon |  16069 |  15475 |    594 |   9814 |   3589 |  11 | 1460.8 |
        Temple |    115 |    106 |      9 |      0 |     84 |   1 |  115.0 |
          Lair |   1793 |   1783 |     10 |   1234 |    340 |   2 |  896.5 |
  Orcish Mines |   5458 |   5365 |     93 |   4178 |    664 |   2 | 2729.0 |
      Gauntlet |    138 |    138 |      0 |      0 |     60 |   1 |  138.0 |
               +--------+--------+--------+--------+--------+-----+--------+

Top non-repeatable levels by time:
   Orc:2: 4804 daAuts
     D:5: 2844 daAuts
     D:7: 2392 daAuts
     D:9: 2005 daAuts
     D:6: 1729 daAuts
  Lair:1: 1724 daAuts
     D:3: 1494 daAuts
     D:4: 1243 daAuts
     D:2: 1100 daAuts
     D:1: 1080 daAuts
    D:10: 1046 daAuts
     D:8: 816 daAuts
   Orc:1: 653 daAuts
    D:11: 314 daAuts
Gauntlet: 138 daAuts
